 Dungeon Crawl Stone Soup version 0.18.1-48-g4cf74bf (webtiles) character file.

21486 Enzo the Fighter (level 12, 0/97 HPs)
             Began as a Mummy Fighter on July 10, 2016.
             Was a High Priest of Okawaru.
             Slain by a death yak simulacrum (18 damage)
             ... in an ice cave on July 12, 2016.
             The game lasted 01:37:45 (14031 turns).

Enzo the Fighter (Mummy Fighter)                   Turns: 14031, Time: 01:37:47

Health: 0/97       AC: 10    Str: 30    XL:     12   Next: 54%
Magic:  11/12      EV: 15    Int:  9    God:    Okawaru [*****.]
Gold:   646        SH: 12    Dex: 15    Spells: 0 memorised, 11 levels left

rFire  . . .     SeeInvis .     n - +8 flail "Cuejem" {flame, Str+4 Dex+4 Stlth+}
rCold  + . .     Gourm    .     r - +3 leather armour {rF+}
rNeg   + + +     Faith    .     c - +0 shield
rPois  ∞         Spirit   .     F - +1 hat {MR+}
rElec  .         Dismiss  .     f - +1 cloak
rCorr  .         Reflect  .     (no gloves)
SustAt .         Harm     .     (no boots)
MR     ++...                    (no amulet)
Stlth  +++++.....               w - ring of stealth
                                e - +3 ring of strength

@: very slightly contaminated, hasted, very quick, very resistant to hostile
enchantments, quite stealthy
A: no food or potions, fire vulnerability, cold resistance 1, negative energy
resistance 3, torment resistance, unbreathing
a: Heroism, Finesse, Renounce Religion


You were in an ice cave.
You worshipped Okawaru.
Okawaru was extremely pleased with you.
You were not hungry.

You visited 3 branches of the dungeon, and saw 15 of its levels.
You also visited: Ice Cave.

You collected 858 gold pieces.
You spent 212 gold pieces at shops.

Inventory:

Hand Weapons
 n - the +8 flail "Cuejem" (weapon) {flame, Str+4 Dex+4 Stlth+}
   (You bought it in a shop on level 5 of the Dungeon)

   It has been specially enchanted to burn those struck by it, causing extra
   injury to most foes and up to half again as much damage against particularly
   susceptible opponents.
   It affects your strength (+4).
   It affects your dexterity (+4).
   It makes you more stealthy.
 B - the +0 long sword of Sycastueh {elec, rC++ Str-4 Dex+6}
   (You found it on level 11 of the Dungeon)

   Occasionally, upon striking a foe, it will discharge some electrical energy
   and cause terrible harm.
   It affects your strength (-4).
   It affects your dexterity (+6).
   It greatly protects you from cold.
Missiles
 t - 22 tomahawks (quivered)
Armour
 c - a +0 shield (worn)
 f - a +1 cloak (worn)
 r - a +3 leather armour of fire resistance (worn)
 F - a +1 hat of magic resistance (worn)
Magical Staves
 k - an uncursed staff of summoning
Jewellery
 e - a +3 ring of strength (left hand)
 w - a ring of stealth (right hand)
Wands
 j - a wand of lightning (10/15)
 p - a wand of flame (13/48)
 u - a wand of flame (22/48)
 x - a wand of iceblast (7/15)
 G - a wand of hasting (2/9)
 H - a wand of teleportation (7/9)
 I - a wand of disintegration (12/24)
Scrolls
 a - a scroll of immolation
 b - 2 scrolls of noise
 d - 11 scrolls of identify
 g - 2 scrolls of enchant weapon
 h - 2 scrolls of teleportation
 i - 4 scrolls of remove curse
 l - a scroll of random uselessness
 m - a scroll of fear
 o - 4 scrolls of amnesia
 s - a scroll of recharging
 E - a scroll of enchant armour
 J - a scroll of acquirement
Books
 q - a book of the Earth

   Spells                             Type                      Level
   a - Leda's Liquefaction            Hexes/Earth                  4
   b - Bolt of Magma                  Conjuration/Fire/Earth       5
   c - Statue Form                    Transmutation/Earth          6
   d - Iron Shot                      Conjuration/Earth            6
   e - Shatter                        Earth                        9
 v - a book of the Dragon

   Spells                             Type                      Level
   a - Flame Tongue                   Conjuration/Fire             1
   b - Cause Fear                     Hexes                        4
   c - Bolt of Fire                   Conjuration/Fire             6
   d - Dragon Form                    Transmutation                7
   e - Dragon's Call                  Summoning                    9
 D - a Fen Folio

   Spells                             Type                      Level
   a - Corpse Rot                     Necromancy                   2
   b - Stone Arrow                    Conjuration/Earth            3
   c - Leda's Liquefaction            Hexes/Earth                  4
   d - Summon Forest                  Summoning/Translocation      5
   e - Hydra Form                     Transmutation                6
   f - Summon Hydra                   Summoning                    7
Miscellaneous
 y - an ornate deck of changes
 A - a sack of spiders


   Skills:
 + Level 9.7 Fighting
   Level 3.4(6.1) Axes
 + Level 7.8(8.2) Maces & Flails
 + Level 0.8 Throwing
 + Level 6.2 Armour
 + Level 8.2 Dodging
 + Level 5.5 Stealth
 + Level 8.1 Shields
 + Level 1.2 Invocations


You had 11 spell levels left.
You didn't know any spells.

Dungeon Overview and Level Annotations

Branches:
Dungeon (12/15)            Temple (1/1) D:6            Lair (2/8) D:9
    Orc (0/2) D:11

Altars:
Ashenzari
Cheibriados
Dithmenos
Elyvilon
Fedhas
Gozag
Kikubaaqudgha
Makhleb
Nemelex Xobeh
Okawaru
Pakellas
Qazlal
Ru
Sif Muna
Trog
Vehumet
Xom
Yredelemnul
Zin
The Shining One

Shops:
D:4 ?   D:5 (   D:9 !   D:11 [


Innate Abilities, Weirdness & Mutations

You do not eat or drink.
Your flesh is vulnerable to fire.
You are immune to poison.
Your flesh is cold resistant.
You are immune to negative energy.
You are immune to unholy pain and torment.
You can survive without breathing.


Message History

You sock the death yak simulacrum!
You melt the death yak simulacrum.
The death yak simulacrum barely misses you.
You hit the death yak simulacrum.
You melt the death yak simulacrum.
The death yak simulacrum gores you but does no damage.
You hit the death yak simulacrum.
You melt the death yak simulacrum.
The death yak simulacrum gores you! The death yak simulacrum freezes you!
You resist.
* * * LOW HITPOINT WARNING * * *
You feel like a meek peon again.
The death yak simulacrum barely misses you.
Evoke which item? (* to show all) (? for menu, Esc to quit)
Zapping:
G - a wand of hasting (will waste charges)
Press: ? - help, Shift-Dir - straight line, f - you You feel yourself speed up.
You are very lightly contaminated with residual magic.
Evoking this partially-identified wand wasted a few charges.
The death yak simulacrum gores you.
* * * LOW HITPOINT WARNING * * *
The death yak simulacrum freezes you!! You resist.
You die...

#..Z#
##...#
#...#
##...##
##.....##
#...∩...#
#.......#
##.Z∩..##
##Z@.##
#####


You could see 2 death yak simulacra.

Vanquished Creatures
  Gastronok (D:9)
  Erolcha (D:10)
  Erica (D:10)
  The ghost of fitz the Severer, a novice MiBe of Trog (D:12)
  Nergalle (D:12)
  A skeletal warrior (D:12)
  An unseen horror (D:12)
  A hill giant (D:10)
  An orc knight (D:11)
  The ghost of RubberyChicken the Purveyor of Pain, a novice DDNe of Kikubaaqudgha (D:6)
  2 cyclopes
  The ghost of ironharvo the Ducker, a novice TrFi of Trog (D:4)
  Psyche (D:11)
  An efreet (D:11)
  A freezing wraith (D:12)
  2 trolls
  A two-headed ogre (D:11)
  Grinder (D:6)
  Prince Ribbit (D:5)
  A shadow (D:11)
  Grum (D:11)
  14 yaks
  Eustachio (D:6)
  A hungry ghost (D:8)
  5 hippogriffs
  2 water moccasins (Lair:1)
  Duvessa (D:5)
  A porcupine (Lair:1)
  2 black bears
  12 orc warriors
  3 sky beasts
  7 ice beasts
  11 ogres
  7 wolves
  3 centaurs
  2 crocodiles (Lair:1)
  13 giant frogs
  A gnoll sergeant (D:9)
  Dowan (D:5)
  A water moccasin skeleton (D:12)
  3 scorpions
  15 killer bees (D:10)
  4 electric eels (D:9)
  7 howler monkeys
  3 crimson imps
  2 centaur zombies
  2 jellies
  The ghost of CanOfBees the Sneak, a weakling SpEn of Vehumet (D:3)
  8 hounds
  9 orc priests
  11 orc wizards
  2 centaur skeletons
  4 giant frog skeletons
  7 iguanas
  8 worker ants
  A killer bee zombie (D:9)
  A wolf simulacrum (IceCv)
  2 hound skeletons (D:6)
  A worker ant zombie (D:5)
  8 gnolls
  16 adders
  5 river rats (Lair:1)
  6 shadow imps
  12 white imps (Lair:2)
  2 oozes
  2 worms
  A dart slug (D:2)
  2 giant geckos (D:2)
  37 orcs
  3 ball pythons
  7 bats
  5 giant cockroaches
  8 hobgoblins
  17 jackals
  8 kobolds
  2 quokkas (D:4)
  A giant newt (D:3)
  10 goblins
  7 rats
361 creatures vanquished.

Vanquished Creatures (others)
  2 fungi (Lair:2)
  A plant (Lair:2)
3 creatures vanquished.

Grand Total: 364 creatures vanquished

Notes
Turn   | Place    | Note
--------------------------------------------------------------
     0 | D:1      | Enzo the Mummy Fighter began the quest for the Orb.
     0 | D:1      | Reached XP level 1. HP: 18/18 MP: 1/1
   165 | D:1      | Reached XP level 2. HP: 24/24 MP: 2/2
   814 | D:1      | Reached XP level 3. HP: 29/29 MP: 3/3
  1125 | D:2      | Reached skill level 1 in Dodging
  1281 | D:2      | Reached XP level 4. HP: 34/35 MP: 4/4
  1349 | D:2      | Found a snail-covered altar of Cheibriados.
  1565 | D:3      | Noticed CanOfBees's ghost (weakling SpEn)
  1661 | D:3      | Killed CanOfBees's ghost
  1860 | D:3      | Reached XP level 5. HP: 41/41 MP: 5/5
  2465 | D:4      | Found Mor Cionwu's Magic Scroll Shop.
  2493 | D:4      | Found a stormy altar of Qazlal.
  2560 | D:4      | Reached XP level 6. HP: 45/47 MP: 6/6
  2602 | D:4      | Noticed ironharvo's ghost (novice TrFi)
  3035 | D:5      | Entered Level 5 of the Dungeon
  3070 | D:5      | Noticed Duvessa
  3071 | D:5      | Noticed Dowan
  3364 | D:5      | Noticed Prince Ribbit
  3393 | D:5      | Found Jifoa's Antique Weapon Shoppe.
  3426 | D:5      | Bought an ichor-stained flail for 212 gold pieces
  3426 | D:5      | Identified the +8 flail "Cuejem" {flame, Str+4 Dex+4 Stlth+} (You bought it in a shop on level 5 of the Dungeon)
  3539 | D:5      | Killed Duvessa
  3539 | D:5      | Reached skill level 4 in Fighting
  3539 | D:5      | Reached XP level 7. HP: 45/54 MP: 7/7
  3568 | D:5      | Killed Dowan
  3599 | D:5      | Killed Prince Ribbit
  4049 | D:4      | Killed ironharvo's ghost
  4049 | D:4      | Reached skill level 1 in Maces & Flails
  4049 | D:4      | Reached XP level 8. HP: 46/61 MP: 8/8
  4136 | D:6      | Reached skill level 5 in Fighting
  4208 | D:6      | Noticed a troll
  4555 | D:6      | Noticed Grinder
  4565 | D:6      | Killed Grinder
  4565 | D:6      | Reached skill level 5 in Shields
  4590 | D:6      | Found a staircase to the Ecumenical Temple.
  4595 | Temple   | Entered the Ecumenical Temple
  4696 | Temple   | Became a worshipper of Warmaster Okawaru
  4720 | D:6      | Noticed RubberyChicken's ghost (novice DDNe)
  4731 | D:6      | Killed RubberyChicken's ghost
  4731 | D:6      | Reached skill level 6 in Fighting
  4731 | D:6      | Reached skill level 5 in Armour
  4731 | D:6      | Reached XP level 9. HP: 64/69 MP: 9/9
  4788 | D:6      | Noticed Eustachio
  4800 | D:6      | Killed Eustachio
  4800 | D:6      | Reached * piety under Okawaru
  5380 | D:7      | Reached skill level 1 in Stealth
  5560 | D:7      | Killed a troll
  5560 | D:7      | Reached ** piety under Okawaru
  5589 | D:7      | Reached skill level 5 in Dodging
  5812 | D:7      | Reached skill level 7 in Fighting
  6294 | D:8      | Reached XP level 10. HP: 78/79 MP: 10/10
  6770 | D:9      | Reached *** piety under Okawaru
  6849 | D:9      | Found Milaote's Distillery.
  7398 | D:9      | Noticed Gastronok
  8078 | D:8      | Reached skill level 5 in Maces & Flails
  8255 | D:10     | Entered Level 10 of the Dungeon
  8255 | D:10     | Noticed Erica
  8265 | D:10     | Killed Erica
  8265 | D:10     | Reached **** piety under Okawaru
  8265 | D:10     | Reached skill level 8 in Fighting
  8436 | D:10     | Noticed a hill giant
  8447 | D:10     | Killed a hill giant
  8587 | D:10     | Reached XP level 11. HP: 86/86 MP: 11/11
  9080 | D:10     | Noticed Erolcha
  9091 | D:10     | Killed Erolcha
  9685 | D:11     | Got a crystal long sword
  9691 | D:11     | Identified the +0 long sword of Sycastueh {elec, rC++ Str-4 Dex+6} (You found it on level 11 of the Dungeon)
  9754 | D:11     | Noticed Psyche
  9781 | D:11     | Killed Psyche
  9793 | D:11     | Reached ***** piety under Okawaru
  9796 | D:11     | Found Vaom's Armour Boutique.
  9796 | D:11     | Found a staircase to the Orcish Mines.
  9796 | D:11     | Noticed an orc knight
  9952 | D:11     | Killed an orc knight
 10240 | D:11     | Noticed Grum
 10270 | D:11     | Killed Grum
 10821 | D:11     | Reached skill level 9 in Fighting
 11141 | D:12     | Noticed Nergalle
 11151 | D:12     | Killed Nergalle
 11151 | D:12     | Received a gift from Okawaru
 11298 | D:12     | Reached XP level 12. HP: 86/95 MP: 12/12
 11326 | D:12     | Reached skill level 5 in Stealth
 11498 | D:12     | Noticed fitz's ghost (novice MiBe)
 11526 | D:12     | Killed fitz's ghost
 11532 | D:12     | Noticed a death knight
 12409 | D:9      | Found a staircase to the Lair.
 12430 | Lair:1   | Entered Level 1 of the Lair of Beasts
 12776 | D:9      | Killed Gastronok
 12776 | D:9      | Reached skill level 1 in Invocations
 13855 | Lair:2   | Identified 2 scrolls of acquirement
 13999 | Lair:2   | Found a frozen archway.
 14016 | IceCv    | Entered an ice cave
 14031 | IceCv    | Slain by a death yak simulacrum

Skill      XL: |  1  2  3  4  5  6  7  8  9 10 11 12 |
---------------+-------------------------------------+-----
Dodging        | 1 2 3 5 6 7 8 |  8.2
Shields        | 3 4 5 6 7 8 |  8.1
Armour         | 3 4 5 6 |  6.2
Axes           | 2 3 |  3.4
Fighting       | 4 6 7 8 9 |  9.7
Maces & Flails | 1 2 3 5 6 7 |  7.8
Stealth        | 1 3 4 5 |  5.5
Invocations    | 1 |  1.2
Throwing       | |  0.8

Action                   |  1- 3 |  4- 6 |  7- 9 | 10-12 || total
-------------------------+-------+-------+-------+-------++-------
Melee: War axe           |   151 |   235 |       |       ||   386
       Flail             |       |     7 |   185 |   641 ||   833
Throw: Tomahawk          |       |       |     1 |     3 ||     4
Invok: Heroism           |       |       |       |    11 ||    11
       Finesse           |       |       |       |     1 ||     1
Evoke: Wand              |       |       |       |     2 ||     2
  Use: Scroll            |       |     4 |       |    17 ||    21
 Stab: Sleeping          |       |       |     2 |    26 ||    28
Armor: Scale mail        |    93 |   121 |    33 |       ||   247
       Leather armour    |       |       |    11 |    95 ||   106
Dodge: Dodged            |    55 |    84 |    60 |   252 ||   451
Block: Shield            |    82 |   138 |   104 |   322 ||   646
